 Dungeon Crawl Stone Soup version 0.25-a0-663-gace7076f2c (webtiles) character file.

Game seed: 11142469119726523413, levelgen mode: deterministic

959 apr9 the Skirmisher (level 8, 0/61 HPs)
             Began as an Octopode Chaos Knight on Mar 25, 2020.
             Was a Follower of Okawaru.
             Shot with an arrow by a centaur (15 damage)
             ... on level 5 of the Dungeon.
             The game lasted 00:05:13 (4577 turns).

apr9 the Skirmisher (Octopode Chaos Knight)         Turns: 4577, Time: 00:05:14

Health: 0/61       AC:  3    Str: 12    XL:     8   Next: 14%
Magic:  10/10      EV: 17    Int: 15    God:    Okawaru [*.....]
Gold:   159        SH:  0    Dex: 18    Spells: 7/7 levels left

rFire    . . .     SeeInvis .   v - +2 short sword (venom)
rCold    . . .     Gourm    .   (no shield)
rNeg     . . .     Faith    .   (helmet restricted)
rPois    +         Spirit   .   (no amulet)
rElec    .         Reflect  .   i - ring of poison resistance
rCorr    .         Harm     .   u - +4 ring of dexterity
MR       .....     Clarity  +   (no ring)
Stlth    +++.......             (no ring)
HPRegen  0.20/turn              (no ring)
MPRegen  0.12/turn              (no ring)
                                (no ring)
                                (no ring)

@: no status effects
A: almost no armour, stealthy swim, amphibious, 8 rings, constrict 8, fangs 1,
icy blue scales 1, camouflage 1, agile 1, clarity, gelatinous body 1
a: Heroism, Renounce Religion


You were on level 5 of the Dungeon.
You worshipped Okawaru.
Okawaru was aware of your devotion.
You were not hungry.

You visited 1 branch of the dungeon, and saw 5 of its levels.
You also visited: Sewer.

You collected 159 gold pieces.

Inventory:

Hand Weapons
 a - a +0 spear of chaos
 l - a +0 morningstar
 v - a +2 short sword of venom (weapon)
 y - a +0 flail of holy wrath
Missiles
 g - 38 poisoned darts (quivered)
 k - 7 silver boomerangs
Jewellery
 h - an uncursed ring of protection from cold {unknown}
 i - a ring of poison resistance (left tentacle)
 u - a +4 ring of dexterity (right tentacle)
Scrolls
 c - a scroll of fear {unknown}
 d - 2 scrolls of enchant armour
 e - 2 scrolls of magic mapping {unknown}
 m - a scroll of amnesia {unknown}
 q - a scroll of acquirement {unknown}
 r - 2 scrolls of teleportation {unknown}
 w - a scroll of immolation {unknown}
 x - a scroll of enchant weapon
Potions
 f - a potion of berserk rage
 j - a potion of resistance
 n - 4 potions of haste {unknown}
 o - a potion of flight
 p - a potion of brilliance {unknown}
 s - 3 potions of curing {unknown}
 t - a potion of heal wounds {unknown}
Comestibles
 b - 4 rations


   Skills:
 * Level 7.7 Fighting
 - Level 3.0 Polearms
 + Level 5.4 Dodging
 + Level 2.7 Invocations


You had 7 spell levels left.
You didn't know any spells.
Your spell library was empty.

Dungeon Overview and Level Annotations

Branches:
Dungeon (5/15)              Sewer (visited)
 Temple: D:4-7

Altars:
Ashenzari
Makhleb
Okawaru
Vehumet
Xom
The Shining One


Innate Abilities, Weirdness & Mutations

You cannot wear most types of armour.
You are very stealthy in the water. (Stealth+)
You are amphibious.
You can wear up to eight rings at the same time.
You can use your tentacles to constrict eight enemies at once.
Your skin changes colour to match your surroundings (Stealth+).
Your rubbery body absorbs attacks. (AC +1, EV +1)
You have very sharp teeth.
You are partially covered in icy blue scales. (AC +2)
You are agile. (Dex +2)
You possess an exceptional clarity of mind.


Message History

The jelly closely misses you.
The centaur shoots an arrow.
The arrow hits you.
You hear a bark!
You see here an arrow.
A hound comes into view.
You hit the jelly.
Your tentacles burn!
You bite the jelly. The jelly completely misses you.
The centaur shoots an arrow.
The arrow barely misses you.
The centaur shoots an arrow.
The arrow completely misses you.
You see here 2 arrows.
You are no longer corroded.
The centaur shoots an arrow.
The arrow hits you!
You see here an arrow.
The centaur shoots an arrow.
The arrow barely misses you.
The centaur shoots an arrow.
The arrow hits you!!
* * * LOW HITPOINT WARNING * * *
Found a pair of glowing boots.
You see here an arrow.
The centaur shoots an arrow.
The arrow hits you!
You die...

#.........### ####.##
#......##...####....#
####.######....((.####
#.# ##...##...h. #.#
####.########.
#.####ch..# ##
#.##(..#### #...J###
#<@.## ###..# #[.#
#..# #..# #..# ##.. .#


You could see a centaur, a hound and a jelly.

Vanquished Creatures
  Grinder (D:3)
  3 ogres
  2 centaurs
  A crimson imp (D:5)
  A centaur skeleton (D:5)
  Terence (D:3)
  An iguana (D:4)
  A worker ant (D:4)
  4 gnolls (D:4)
  7 adders
  2 river rats (D:3)
  3 dart slugs
  3 leopard geckos
  5 orcs (D:3)
  A ball python (D:2)
  6 bats
  2 giant cockroaches
  6 goblins
  9 hobgoblins
  10 jackals (Sewer)
  A quokka (D:3)
  9 frilled lizards
  11 kobolds
  A leopard gecko skeleton (D:5)
  4 rats
  5 plants (Sewer)
100 creatures vanquished.

Vanquished Creatures (others)
  A plant (Sewer)
1 creature vanquished.

Grand Total: 101 creatures vanquished

Notes
Turn   | Place    | Note
-------+----------+-------------------------------------------
     0 | D:1      | apr9 the Octopode Chaos Knight began the quest for the Orb.
     0 | D:1      | Reached XP level 1. HP: 16/16 MP: 1/1
   287 | D:1      | XOM: divination: detect items
   395 | D:1      | Reached XP level 2. HP: 21/21 MP: 2/2
   491 | D:1      | XOM: harmless Summ miscast
   512 | D:1      | XOM: give mutations
   512 | D:1      | Gained mutation: You are agile. (Dex +2) [Xom's grace]
   512 | D:1      | Gained mutation: You are very agile. (Dex +4) [Xom's grace]
   512 | D:1      | Gained mutation: You are partially covered in icy blue
                  | scales. (AC +2) [Xom's grace]
   512 | D:1      | Gained mutation: One of your tentacles bears a spike.
                  | [Xom's grace]
   622 | D:1      | XOM: scenery: create altars
   876 | D:2      | Found a shattered altar of Ashenzari.
   883 | D:2      | Reached XP level 3. HP: 27/27 MP: 3/3
   990 | D:2      | Reached skill level 4 in Fighting
  1177 | D:2      | Found a burning altar of Makhleb.
  1177 | D:2      | Found an iron altar of Okawaru.
  1178 | D:2      | Found a shimmering altar of Xom.
  1340 | D:3      | Found a glowing drain.
  1350 | D:3      | Reached XP level 4. HP: 34/34 MP: 4/4
  1377 | Sewer    | Entered a sewer
  1412 | Sewer    | XOM: scenery: create altars
  1461 | Sewer    | XOM: 2-stop teleportation journey
  1578 | Sewer    | XOM: god gift: scroll labeled BIOSOCW YSUL {god gift}
  1599 | Sewer    | Reached XP level 5. HP: 32/38 MP: 5/5
  1788 | Sewer    | Reached skill level 5 in Fighting
  2132 | D:3      | Found a glowing golden altar of the Shining One.
  2362 | D:3      | Noticed Terence
  2371 | D:3      | Killed Terence
  2427 | D:3      | Noticed Grinder
  2442 | D:3      | Paralysed by Grinder for 3 turns
  2455 | D:3      | Killed Grinder
  2455 | D:3      | Reached skill level 6 in Fighting
  2455 | D:3      | Reached XP level 6. HP: 23/46 MP: 6/6
  2746 | D:3      | Reached XP level 7. HP: 45/53 MP: 7/7
  2896 | D:3      | XOM: 1-stop teleportation journey
  3017 | D:3      | XOM: mild Tmut miscast
  3186 | D:2      | XOM is BORED!
  3186 | D:2      | XOM: medium Fire miscast
  3193 | D:2      | Fell from the grace of Xom
  3193 | D:2      | Became a worshipper of Warmaster Okawaru
  3437 | D:4      | XOM: give mutations
  3437 | D:4      | Gained mutation: You possess an exceptional clarity of
                  | mind. [Xom's mischief]
  3437 | D:4      | Gained mutation: Your body sometimes deteriorates upon
                  | taking damage. [Xom's mischief]
  3437 | D:4      | Lost mutation: Your body sometimes deteriorates upon taking
                  | damage. [Xom's mischief]
  3437 | D:4      | Gained mutation: You have very sharp teeth. [Xom's
                  | mischief]
  3506 | D:4      | XOM: cloud trail
  3691 | D:4      | Reached skill level 7 in Fighting
  3691 | D:4      | Reached skill level 1 in Invocations
  3848 | D:4      | Found a radiant altar of Vehumet.
  4142 | D:4      | Reached skill level 5 in Dodging
  4396 | D:4      | XOM: give mutations
  4396 | D:4      | Lost mutation: One of your tentacles bears a spike. [Xom's
                  | mischief]
  4396 | D:4      | Lost mutation: You are very agile. (Dex +4) [Xom's
                  | mischief]
  4421 | D:5      | Entered Level 5 of the Dungeon
  4429 | D:5      | Reached * piety under Okawaru
  4492 | D:5      | Reached XP level 8. HP: 51/60 MP: 9/9
  4577 | D:5      | Shot with an arrow by a centaur

Levels and vault maps discovered:
D:1:      dpeg_arrival_court, layout_loops_ring, minmay_misc_feat_rugged,
          minmay_misc_feat_square, minmay_pentomino_u2
D:2:      layout_rooms, evilmike_ruin_ashenzari, gammafunk_temple_overflow_claw
D:3:      layout_basic, overflow_temple_1_default,
          cheibrodos_sewer_entry_sluice, uniq_grinder, uniq_terence
D:4:      layout_loops_corners, first_ration, lemuel_tele_altar
D:5:      layout_rooms, kennysheep_mini_moat, kennysheep_mini, uniq_menkaure

Skill      XL: |  1  2  3  4  5  6  7 |
---------------+----------------------+-----
Fighting       | 4 6 7 |  7.7
Dodging        | 3 4 5 |  5.4
Invocations    | 2 |  2.7
Polearms       | |  3.0

Action                   |  1- 3 |  4- 6 |  7- 9 || total
-------------------------+-------+-------+-------++-------
Melee: Spear             |    71 |   137 |       ||   208
       Constrict         |    15 |    29 |    13 ||    57
       Tentacles         |    10 |    29 |    15 ||    54
       Kick              |    11 |    51 |    15 ||    77
       Short sword       |       |    19 |    53 ||    72
       Bite              |       |       |    12 ||    12
Throw: Dart              |       |     4 |     5 ||     9
  Use: Scroll            |     3 |       |     2 ||     5
 Stab: Sleeping          |     7 |     6 |     4 ||    17
       Paralysed         |     1 |     1 |       ||     2
  Eat: Chunk             |     1 |     5 |     6 ||    12
Armor: Skin              |     4 |     6 |     2 ||    12
Dodge: Dodged            |    35 |    34 |    41 ||   110

Table legend:
 A = Non-vault XP
 B = Vault XP
 C = Vault XP percentage of total XP
 D = Non-vault monster count
 E = Vault monster count
 F = Vault count percentage of total count
                 A         B        C        D         E       F
            +---------+---------+-------+---------+---------+-------
      Total |     925 |     445 |  32.5 |      67 |      28 |  29.5
            +---------+---------+-------+---------+---------+-------
        D:1 |      18 |       3 |  14.3 |      12 |       2 |  14.3
        D:2 |      52 |       0 |   0.0 |      16 |       0 |   0.0
        D:3 |     154 |     349 |  69.4 |      22 |       5 |  18.5
        D:4 |     373 |       0 |   0.0 |      12 |       0 |   0.0
        D:5 |     328 |       0 |   0.0 |       5 |       0 |   0.0
      Sewer |       0 |      93 | 100.0 |       0 |      21 | 100.0
            +---------+---------+-------+---------+---------+-------
